 Dungeon Crawl Stone Soup version 0.25-a0-435-g4b9beb1024 (webtiles) character file.

Game seed: 8080161366744839674, levelgen mode: deterministic

10611 Laukis the Blocker (level 11, -31/69 HPs)
             Began as a Gargoyle Fighter on Jan 29, 2020.
             Was a High Priest of Okawaru.
             Annihilated by a white ugly thing (32 damage)
             ... on level 10 of the Dungeon.
             The game lasted 00:34:25 (11939 turns).

Laukis the Blocker (Gargoyle Fighter)              Turns: 11939, Time: 00:34:25

Health: -31/69     AC: 26    Str: 23    XL:     11   Next: 64%
Magic:  11/11      EV: 17    Int: 13    God:    Okawaru [*****.]
Gold:   864        SH: 14    Dex: 14    Spells: 10/10 levels left

rFire    . . .     SeeInvis .   a - +1 flail
rCold    . . .     Gourm    .   c - +1 shield
rNeg     + . .     Faith    .   J - +0 chain mail
rPois    ∞         Spirit   .   h - +0 helmet
rElec    +         Reflect  .   L - +1 cloak "Odussy" {-Cast rPois MR+ Int+4}
rCorr    .         Harm     .   (no gloves)
MR       +....     NoCast   +   y - +0 pair of boots
Stlth    ..........             (no amulet)
HPRegen  0.21/turn              n - +2 ring of protection
MPRegen  0.12/turn              D - +5 ring of evasion

@: agile
A: negative energy resistance 1, electricity resistance, unbreathing,
petrification resistance, rot immunity, AC +8
a: Heroism, Finesse, Renounce Religion


You were on level 10 of the Dungeon.
You worshipped Okawaru.
Okawaru was extremely pleased with you.
You were not hungry.

You visited 2 branches of the dungeon, and saw 12 of its levels.
You also visited: Sewer.

You collected 864 gold pieces.

Inventory:

Hand Weapons
 a - a +1 flail (weapon)
 u - a +0 morningstar
Missiles
 i - 14 poisoned darts (quivered)
 U - 4 silver javelins
Armour
 c - a +1 shield (worn)
 h - a +0 helmet (worn)
 y - a +0 pair of boots (worn)
 G - a +0 plate armour of fire resistance
 J - a +0 chain mail (worn)
 L - the +1 cloak "Odussy" (worn) {-Cast rPois MR+ Int+4}
   (You found it on level 10 of the Dungeon)

   It affects your intelligence (+4).
   It protects you from poison.
   It affects your resistance to hostile enchantments.
   It prevents spellcasting.
   If you remove this armour, your AC will fall 3 points (26 -> 23)
Jewellery
 n - a +2 ring of protection (left hand)
 D - a +5 ring of evasion (right hand)
 P - a +2 ring of evasion
 R - a +4 ring of dexterity {unknown}
 S - a cursed -2 ring of dexterity {unknown}
Wands
 d - a wand of random effects (30)
 r - a wand of disintegration (20)
 w - a wand of paralysis (5)
 C - a wand of flame (14)
 H - a wand of polymorph (7)
 N - a wand of digging (7)
 Q - a wand of iceblast (4)
Scrolls
 e - 2 scrolls of enchant armour
 j - 2 scrolls of enchant weapon
 l - 4 scrolls of remove curse
 m - 3 scrolls of teleportation {unknown}
 o - a scroll of fog {unknown}
 p - a scroll of fear {unknown}
 q - 3 scrolls of amnesia
 s - 3 scrolls of blinking
 t - a scroll of random uselessness {unknown}
 I - 4 scrolls of magic mapping
 O - a scroll of identify
Potions
 b - a potion of might
 g - 7 potions of curing
 k - 3 potions of brilliance
 v - 2 potions of haste
 x - a potion of invisibility {unknown}
 z - 2 potions of berserk rage
 A - 2 potions of flight
 E - a potion of mutation
 K - a potion of ambrosia {unknown}
 M - a potion of cancellation {unknown}
 T - a potion of heal wounds {unknown}
Comestibles
 f - 19 rations


   Skills:
 + Level 8.7 Fighting
 * Level 10.4 Maces & Flails
 + Level 2.5 Throwing
 + Level 8.6 Armour
 * Level 11.6 Shields


You had 10 spell levels left.
You didn't know any spells.
Your spell library contained the following spells:

 Spells                   Type           Power        Failure   Level  Hunger
 Animate Skeleton         Necr           N/A          96%         1    ##.....
 Apportation              Tloc           #.....       96%         1    ##.....
 Corona                   Hex            #......      96%         1    ##.....
 Summon Small Mammal      Summ           #...         96%         1    ##.....
 Call Imp                 Summ           #.......     99%         2    ###....
 Call Canine Familiar     Summ           #.......     100%        3    ####...
 Summon Guardian Golem    Hex/Summ       #.......     100%        3    ####...
 Summon Ice Beast         Ice/Summ       #.......     100%        4    #####..
 Summon Lightning Spire   Summ/Air       #.......     100%        4    #####..


Dungeon Overview and Level Annotations

Branches:
Dungeon (11/15)            Temple (1/1) D:7            Lair (0/6) D:11
    Orc (0/2) D:10          Sewer (visited)

Altars:
Ashenzari
Cheibriados
Dithmenos
Elyvilon
Fedhas
Gozag
Hepliaklqana
Kikubaaqudgha
Makhleb
Nemelex Xobeh
Okawaru
Qazlal
Ru
Sif Muna
Trog
Uskayaw
Vehumet
Wu Jian
Xom
Yredelemnul
Zin
The Shining One
Beogh

Shops:
D:5 =   D:11 *

Annotations:
D:6 exclusion: ugly thing
D:10 exclusions: orc knight and 1 more exclusion


Innate Abilities, Weirdness & Mutations

You are resistant to torment.
Your stone body is resilient. (AC +8)
You are immune to poison.
You resist negative energy. (rN+)
You are resistant to electric shocks. (rElec)
You can survive without breathing.
You are immune to petrification.
You are immune to rotting.


Message History

You barely miss the white ugly thing.
The white ugly thing is moderately wounded.
The white ugly thing stings you but does no damage.
You hit the white ugly thing.
The white ugly thing is moderately wounded.
You block the white ugly thing's attack.
You hit the white ugly thing.
The white ugly thing is heavily wounded.
The white ugly thing stings you! The white ugly thing freezes you!!
* * * LOW HITPOINT WARNING * * *
Okay, then.
Okay, then.
You feel agile all of a sudden.
You block the white ugly thing's attack.
You hit the white ugly thing.
The white ugly thing is heavily wounded.
The white ugly thing stings you.
* * * LOW HITPOINT WARNING * * *
The white ugly thing freezes you!!
You die...

.#
##.###.#..###########
.# #.# #....# .####.#
##...# ...##.# #...#
##### ##.##.#
##..#####...##
##.##.#
##...)......##
##.##.# #.###.......#
...##.# #.# #u......#
##..#.# #.# #@......#
#....######.#
#......##
###...>.....#
#.......# ###########
#.......# #.......#
##.....## ##...##
#####


You could see a white ugly thing.

Vanquished Creatures
  3 two-headed ogres
  Psyche (D:8)
  A queen bee (D:8)
  A troll (D:9)
  A hornet (D:10)
  Grinder (D:5)
  2 hippogriffs
  Prince Ribbit (D:6)
  3 wyverns
  A wraith (D:10)
  5 fire bats
  3 hungry ghosts
  2 water moccasins
  3 orc warriors
  4 sky beasts
  4 ice beasts
  2 phantoms
  A hornet zombie (D:8)
  A necrophage (D:10)
  4 ogres
  5 centaurs
  2 big kobolds
  A crocodile (D:10)
  9 bullfrogs
  A water moccasin skeleton (D:10)
  3 scorpions
  17 killer bees
  A howler monkey (D:8)
  A bullfrog zombie (D:7)
  3 crimson imps
  A hound (D:8)
  2 quasits (D:8)
  2 jellies
  4 centaur skeletons
  4 orc priests
  6 orc wizards
  3 bullfrog skeletons
  An iguana (D:9)
  12 worker ants
  2 hound skeletons (D:4)
  4 gnolls (D:4)
  A worker ant zombie (D:8)
  9 adders
  A river rat (D:4)
  A shadow imp (D:9)
  5 oozes (Sewer)
  An adder zombie (D:10)
  An adder skeleton (D:6)
  9 worms
  2 dart slugs (D:1)
  6 leopard geckos
  25 orcs
  4 giant cockroaches
  4 hobgoblins
  10 jackals
  12 kobolds
  3 quokkas
  2 ball pythons (Sewer)
  14 bats
  5 frilled lizards
  6 goblins
  10 rats
259 creatures vanquished.

Vanquished Creatures (others)
  An orc (D:10)
1 creature vanquished.

Grand Total: 260 creatures vanquished

Notes
Turn   | Place    | Note
-------+----------+-------------------------------------------
     0 | D:1      | Laukis the Gargoyle Fighter began the quest for the Orb.
     0 | D:1      | Reached XP level 1. HP: 14/14 MP: 1/1
   156 | D:1      | Reached XP level 2. HP: 12/19 MP: 2/2
   914 | D:1      | Reached XP level 3. HP: 22/23 MP: 3/3
  1332 | D:2      | Reached skill level 4 in Shields
  1437 | D:2      | Reached XP level 4. HP: 29/29 MP: 4/4
  1630 | D:3      | Noticed a phantom
  1660 | D:3      | Killed a phantom
  1660 | D:3      | Reached XP level 5. HP: 19/33 MP: 5/5
  1928 | D:3      | Found a shattered altar of Ashenzari.
  2776 | D:4      | Found a radiant altar of Vehumet.
  2829 | D:4      | Reached skill level 5 in Shields
  2829 | D:4      | Reached XP level 6. HP: 33/38 MP: 6/6
  3080 | D:4      | Found a shimmering altar of Xom.
  3230 | D:4      | Found a glowing drain.
  3282 | Sewer    | Entered a sewer
  3890 | D:4      | Reached XP level 7. HP: 44/44 MP: 7/7
  4104 | D:5      | Entered Level 5 of the Dungeon
  4128 | D:5      | Found Xynnen's Jewellery Emporium.
  4321 | D:5      | Reached skill level 6 in Shields
  4735 | D:5      | Noticed Grinder
  4756 | D:5      | Paralysed by Grinder for 6 turns
  4763 | D:5      | Killed Grinder
  4763 | D:5      | Reached skill level 5 in Fighting
  4763 | D:5      | Reached skill level 5 in Maces & Flails
  4763 | D:5      | Reached skill level 5 in Armour
  4763 | D:5      | Reached XP level 8. HP: 17/49 MP: 8/8
  5160 | D:6      | Noticed a purple ugly thing
  5233 | D:6      | Reached skill level 7 in Shields
  5412 | D:6      | Found a sparkling altar of Nemelex Xobeh.
  5433 | D:6      | Noticed Prince Ribbit
  5455 | D:6      | Killed Prince Ribbit
  5548 | D:6      | Reached XP level 9. HP: 55/55 MP: 9/9
  6007 | D:7      | Reached skill level 8 in Shields
  6144 | D:7      | Found a staircase to the Ecumenical Temple.
  6220 | Temple   | Entered the Ecumenical Temple
  6420 | Temple   | Became a worshipper of Warmaster Okawaru
  6836 | D:7      | Found a glowing silver altar of Zin.
  6911 | D:7      | Found Pufujif's Weapon Shop.
  7165 | D:7      | Reached * piety under Okawaru
  7165 | D:7      | Reached skill level 9 in Shields
  7542 | D:8      | Noticed a queen bee
  7720 | D:8      | Reached XP level 10. HP: 58/63 MP: 10/10
  8038 | D:8      | Noticed a two-headed ogre
  8058 | D:8      | Killed a two-headed ogre
  8058 | D:8      | Reached ** piety under Okawaru
  8058 | D:8      | Reached skill level 10 in Shields
  8482 | D:8      | Noticed Psyche
  8491 | D:8      | Killed Psyche
  9057 | D:9      | Reached *** piety under Okawaru
  9353 | D:9      | Found an iron altar of Okawaru.
  9535 | D:9      | Reached XP level 11. HP: 68/68 MP: 11/11
  9569 | D:9      | Noticed a two-headed ogre
  9583 | D:9      | Killed a two-headed ogre
  9583 | D:9      | Reached skill level 1 in Throwing
  9583 | D:9      | Reached skill level 11 in Shields
  9862 | D:10     | Entered Level 10 of the Dungeon
 10178 | D:10     | Reached **** piety under Okawaru
 10178 | D:10     | Reached skill level 10 in Maces & Flails
 10373 | D:10     | Got a translucent cloak
 10384 | D:10     | Identified the +1 cloak "Odussy" {-Cast rPois MR+ Int+4}
                  | (You found it on level 10 of the Dungeon)
 10546 | D:10     | Found a roughly hewn altar of Beogh.
 10546 | D:10     | Found a staircase to the Orcish Mines.
 10546 | D:10     | Noticed an orc knight
 11018 | D:11     | Noticed a two-headed ogre
 11038 | D:10     | Killed a two-headed ogre
 11183 | D:11     | Noticed a white ugly thing
 11188 | D:11     | Noticed a fire dragon
 11692 | D:11     | Found Ruvan's Mayhem Merchandise.
 11692 | D:11     | Found a staircase to the Lair.
 11742 | D:11     | Found the +7 great mace "Firestarter" {inner flame, rF++}
 11780 | D:10     | Reached ***** piety under Okawaru
 11939 | D:10     | HP: 1/69 [white ugly thing (3)]
 11939 | D:10     | Annihilated by a white ugly thing

Levels and vault maps discovered:
D:1:      saegor_arrival_simple_a, layout_basic
D:2:      layout_rooms, minmay_octomino_e4
D:3:      layout_basic, first_ration, nicolae_ashenzari_panopticon
D:4:      layout_loops_ring, kennysheep_little_box, lemuel_crystal_altar,
          portal_sewer_entry_b
D:5:      layout_loops_ring, serial_shops, nicolae_shop_trees, uniq_grinder
D:6:      layout_basic, nemelex_xobeh_ov_fountains_minmay, uniq_prince_ribbit1
D:7:      layout_loops_ring, zin_statuary, minmay_temple_entry_glassed_door,
          kennysheep_small_square
D:8:      layout_loops_ring, david_nohive_1, uniq_psyche
D:9:      layout_cave_pools, kennysheep_small_circle
D:10:     layout_rooms, david_orc_5, dk_noncrumbling_4, lemuel_flame_loot_1
D:11:     minmay_firetagon, layout_basic, lair_entry_dummy, minmay_shop_mayhem,
          jiyva_altar_1
Temple:   eino_narrow_crystal_temple

Skill      XL: |  1  2  3  4  5  6  7  8  9 10 11 |
---------------+----------------------------------+-----
Shields        | 4 5 6 7 9 10 11 | 11.6
Fighting       | 4 5 6 7 8 |  8.7
Maces & Flails | 3 4 5 6 8 9 10 | 10.4
Armour         | 4 5 6 8 |  8.6
Throwing       | 2 |  2.5

Action                   |  1- 3 |  4- 6 |  7- 9 | 10-12 || total
-------------------------+-------+-------+-------+-------++-------
Melee: Flail             |   140 |   318 |   513 |   642 ||  1613
Throw: Dart              |       |       |     4 |    21 ||    25
  Use: Scroll            |       |     4 |     8 |     4 ||    16
       Potion            |       |     1 |     1 |     2 ||     4
 Stab: Invisible         |       |       |       |     3 ||     3
  Eat: Chunk             |     2 |     9 |     7 |    19 ||    37
       Ration            |       |       |     2 |     1 ||     3
Armor: Scale mail        |    34 |       |   167 |   162 ||   363
       Ring mail         |    34 |   169 |    12 |       ||   215
       Chain mail        |       |       |       |    66 ||    66
Dodge: Dodged            |    52 |    99 |   271 |   312 ||   734
Block: Shield            |    76 |   204 |   311 |   492 ||  1083

Table legend:
 A = Non-vault XP
 B = Vault XP
 C = Vault XP percentage of total XP
 D = Non-vault monster count
 E = Vault monster count
 F = Vault count percentage of total count
                 A         B        C        D         E       F
            +---------+---------+-------+---------+---------+-------
      Total |   11614 |    3545 |  23.4 |     195 |      64 |  24.7
            +---------+---------+-------+---------+---------+-------
        D:1 |      36 |       0 |   0.0 |      21 |       0 |   0.0
        D:2 |      45 |       6 |  11.8 |      11 |       2 |  15.4
        D:3 |     186 |       0 |   0.0 |      17 |       0 |   0.0
        D:4 |     245 |      53 |  17.8 |      17 |       7 |  29.2
        D:5 |     277 |     281 |  50.4 |       7 |       1 |  12.5
        D:6 |     953 |     259 |  21.4 |      15 |       1 |   6.2
        D:7 |    1325 |     240 |  15.3 |      26 |       4 |  13.3
        D:8 |    2753 |    1331 |  32.6 |      31 |      12 |  27.9
        D:9 |    2065 |     243 |  10.5 |      12 |       2 |  14.3
       D:10 |    2999 |     658 |  18.0 |      32 |       7 |  17.9
       D:11 |     730 |     392 |  34.9 |       6 |       2 |  25.0
      Sewer |       0 |      82 | 100.0 |       0 |      26 | 100.0
            +---------+---------+-------+---------+---------+-------
